 Dungeon Crawl Stone Soup version 0.22.1-2-g9c5b331 (webtiles) character file.

7 icaruslewis the Digger (level 2, -3/18 (20) HPs)
             Began as a Ghoul Earth Elementalist on Dec 19, 2018.
             Slain by a leopard gecko (4 damage)
             ... on level 1 of the Dungeon.
             The game lasted 00:03:11 (361 turns).

icaruslewis the Digger (Ghoul Earth Elementalist)    Turns: 361, Time: 00:03:12

HP:   -3/18 (20)    AC:  2    Str:  8 (11) XL:     2   Next: 0%
MP:   3/3           EV: 12    Int:  7 (10) God:
Gold: 30            SH:  0    Dex:  8 (9)  Spells: 3/4 levels left

rFire    . . .     SeeInvis .   f - -2 short sword (curse)
rCold    + . .     Gourm    .   (no shield)
rNeg     + + +     Faith    .   c - +0 robe
rPois    ∞         Spirit   .   (no helmet)
rElec    .         Reflect  .   (no cloak)
rCorr    .         Harm     .   (no gloves)
MR       .....                  (no boots)
Stlth    ++........             (no amulet)
HPRegen  0.00/turn              (no ring)
MPRegen  0.08/turn              (no ring)

@: rotting
A: rotting body, claws 1, carnivore, cold resistance 1, negative energy
resistance 3, inhibited regeneration, torment resistance, unbreathing
a: no special abilities


You were on level 1 of the Dungeon.
You were not hungry.

You visited 1 branch of the dungeon, and saw 1 of its levels.

You collected 30 gold pieces.

Inventory:

Hand Weapons
 a - a +0 hand axe
 f - a cursed -2 short sword (weapon)
 g - a +0 club
Missiles
 b - 30 stones (quivered)
Armour
 c - a +0 robe (worn)
Comestibles
 d - 2 rations


   Skills:
 + Level 1.8 Dodging
 + Level 2.2 Stealth
 + Level 1.9 Spellcasting
   Level 0.8 Transmutations
 + Level 3.6 Earth Magic


You had 3 spell levels left.
You knew the following spells:

 Your Spells              Type           Power        Failure   Level  Hunger
a - Sandblast             Erth           #.....       9%          1    ##.....

Your spell library contained the following spells:

 Spells                   Type           Power        Failure   Level  Hunger
 Passwall                 Tmut/Erth      #.......     22%         2    ###....
 Stone Arrow              Conj/Erth      #.....       50%         3    ####...
 Petrify                  Tmut/Erth      #.......     83%         4    #####..
 Lee's Rapid Deconstruct  Erth           #.........   94%         5    ######.


Dungeon Overview and Level Annotations

Branches:
Dungeon (1/15)

Altars:


Innate Abilities, Weirdness & Mutations

Your body is rotting away.
You thrive on raw meat.
You are immune to poison.
You have sharp fingernails.
You are carnivorous and can eat meat at any time.
Your flesh is cold resistant. (rC+)
You are immune to negative energy. (rN+++)
You do not regenerate when monsters are visible.
You are immune to unholy pain and torment.
You can survive without breathing.


Message History

You see here a club.
You hit the rat but do no damage. The bat barely misses you. The rat bites you.
* * * LOW HITPOINT WARNING * * *
You hit the rat.
You kill the rat!
You have reached level 2!
The leopard gecko bites you.
* * * LOW HITPOINT WARNING * * *
The leopard gecko closely misses you.
You barely miss the leopard gecko. The bat barely misses you.
The leopard gecko bites you.
* * * LOW HITPOINT WARNING * * *
You barely miss the leopard gecko. The bat closely misses you.
The bat misses you.
The leopard gecko bites you but does no damage.
The bat hits you.
* * * LOW HITPOINT WARNING * * *
You miss the leopard gecko. The bat hits you but does no damage.
The leopard gecko barely misses you. The leopard gecko bites you.
You die...

.... #....# .##.......
.... #.##.##..........
..... .......?##......
....###....... ........
.. ......##..# #.......
....###..###..####.#>#.##
.............(...........
.>#..##l####.............
# #†@..b.............
#......###..##........
######.# ##.##.......$
.####...........
......##........
.####..#..######
.........## ##
(.####.#..#####(
..###.#....÷÷..


You could see a leopard gecko and a bat.

Vanquished Creatures
  3 hobgoblins (D:1)
  A bat (D:1)
  A kobold (D:1)
  2 rats (D:1)
7 creatures vanquished.

Notes
Turn   | Place    | Note
-------+----------+-------------------------------------------
     0 | D:1      | icaruslewis the Ghoul Earth Elementalist began the quest
                  | for the Orb.
     0 | D:1      | Reached XP level 1. HP: 14/14 MP: 2/2
   357 | D:1      | Reached XP level 2. HP: 4/18 MP: 3/3
   361 | D:1      | Slain by a leopard gecko

Action                   || total
-------------------------++-------
Melee: Short sword       ||    23
       Hand axe          ||     4
  Use: Potion            ||     1
Armor: Robe              ||    13
Dodge: Dodged            ||    33
